 Dungeon Crawl Stone Soup version 0.20-a0-689-g860b9ab (console) character file.

35 nht the Sneak (level 3, -6/27 HPs)
             Began as a Demonspawn Assassin on Feb 19, 2017.
             Was an Initiate of Okawaru.
             Killed by nerve-wracking pain
             ... invoked by a shadow imp
             ... summoned by Natasha
              (13 damage)
             ... on level 2 of the Dungeon.
             The game lasted 00:01:48 (864 turns).

nht the Sneak (Demonspawn Assassin)                  Turns: 864, Time: 00:01:49

Health: -6/27      AC:  3    Str: 11    XL:     3   Next: 17%
Magic:  3/3        EV: 11    Int: 13    God:    Okawaru [......]
Gold:   71         SH:  0    Dex: 14    Spells: 2/2 levels left

rFire    . . .     SeeInvis .   a - +2 dagger
rCold    . . .     Gourm    .   c - +0 robe
rNeg     . . .     Faith    .   (no shield)
rPois    .         Spirit   .   (helmet restricted)
rElec    .         Reflect  .   d - +0 cloak
rCorr    .         Harm     .   (no gloves)
MR       .....                  (no boots)
Stlth    ++........             (no amulet)
Regen    0.1/turn               (no ring)
MPRegen  0.1/turn               (no ring)

@: no status effects
A: antennae 2
a: Renounce Religion


You were on level 2 of the Dungeon.
You worshipped Okawaru.
Okawaru was noncommittal.
You were not hungry.

You visited 1 branch of the dungeon, and saw 2 of its levels.

You collected 71 gold pieces.

Inventory:

Hand Weapons
 a - a +2 dagger (weapon)
 b - a +0 blowgun
Missiles
 e - 8 poisoned needles
 f - 2 curare-tipped needles
Armour
 c - a +0 robe (worn)
 d - a +0 cloak (worn)
Scrolls
 j - a scroll of identify {unknown}
 k - a scroll of remove curse {unknown}
 l - 2 scrolls of enchant armour {unknown}
Potions
 h - a potion of curing
 n - a potion of haste {unknown}
Comestibles
 g - 2 bread rations
 i - 7 chunks of flesh


   Skills:
 - Level 2.0 Fighting
 + Level 3.3 Short Blades
 - Level 1.7 Throwing
 - Level 0.8 Dodging
 - Level 3.6 Stealth


You had 2 spell levels left.
You didn't know any spells.

Dungeon Overview and Level Annotations

Branches:
Dungeon (2/15)

Altars:
Okawaru

Annotations:
D:2 Natasha


Innate Abilities, Weirdness & Mutations

You have a pair of antennae on your head.


Message History

You hit Natasha.
Natasha is heavily wounded.
The shadow imp hits you but does no damage.
The crimson imp blinks!
Natasha barely misses you.
You hit Natasha.
Natasha is heavily wounded.
The shadow imp barely misses you. Natasha claws you but does no damage.
You hit Natasha.
Natasha is almost dead.
The shadow imp hits you.
* * * LOW HITPOINT WARNING * * *
Natasha claws you!
* * * LOW HITPOINT WARNING * * *
You feel better. The shadow imp gestures at you.
You barely resist.
It was a potion of cancellation.
You feel magically purged. The shadow imp gestures at you.
Pain shoots through your body!
You die... █████████████

█............
█.███████████ █.█
█.██████████
█████████████÷█........██
█....5h5@................
█....5g██████.█.██████..█
█...... █.█.█ █..█
█...... █.█.█ █..█
█...... █.█.███ █...
█.....( ........███.█
█.>.... ............█
█..$... ........██... ..
█...


You could see Natasha, a crimson imp, a white imp, a shadow imp and a hobgoblin.

Vanquished Creatures
  A dart slug (D:1)
  2 leopard geckos (D:2)
  3 giant cockroaches
  3 goblins
  3 hobgoblins (D:1)
  3 jackals (D:2)
  2 kobolds
  A ball python (D:2)
  5 bats
  A frilled lizard (D:1)
  3 rats
27 creatures vanquished.

Notes
Turn   | Place    | Note
-------+----------+-------------------------------------------
     0 | D:1      | nht the Demonspawn Assassin began the quest for the Orb.
     0 | D:1      | Reached XP level 1. HP: 16/16 MP: 1/1
   120 | D:1      | Gained mutation: You have a pair of small antennae on your head. [demonic ancestry]
   120 | D:1      | Reached XP level 2. HP: 19/22 MP: 2/2
   575 | D:2      | Found an iron altar of Okawaru.
   583 | D:2      | Became a worshipper of Warmaster Okawaru
   826 | D:2      | Gained mutation: You have a pair of antennae on your head. [demonic ancestry]
   826 | D:2      | Reached XP level 3. HP: 24/27 MP: 3/3
   848 | D:2      | Noticed Natasha
   861 | D:2      | HP: 1/27 [Natasha (7)]
   864 | D:2      | Killed from afar by a shadow imp

Vault maps used:
D:1:      evilmike_arrival_grusome_pit, serial_park_tiny_pond
D:2:      okawaru_ov_weapons_minmay, uniq_natasha

Skill      XL: |  1  2 |
---------------+-------+-----
Short Blades   | 2 3 |  3.3
Fighting       | |  2.0
Throwing       | |  1.7
Dodging        | |  0.8
Stealth        | |  3.6

Action                   || total
-------------------------++-------
Melee: Dagger            ||    84
  Use: Potion            ||     3
 Stab: Sleeping          ||     4
Armor: Robe              ||    26
Dodge: Dodged            ||    42
